 Dungeon Crawl Stone Soup version 0.30-a0-939-gc8157cb160 (webtiles) character file.

Game seed: 9250326238820487138

41 Iniera the Vexing (level 3, -4/29 HPs)
             Began as a Demigod Enchanter on Mar 25, 2023.
             Slain by Natasha (6 damage)
             ... on level 2 of the Dungeon.
             The game lasted 00:02:04 (1159 turns).

Iniera the Vexing (Demigod Enchanter)               Turns: 1159, Time: 00:02:05

Health: -4/29      AC:  4    Str:  9    XL:     3   Next: 16%
Magic:  8/8        EV: 12    Int: 17    God:
Gold:   57         SH:  0    Dex: 18    Spells: 5/5 levels left

rFire   . . .      SeeInvis .    j - +0 short sword
rCold   . . .      Faith    .    (no shield)
rNeg    . . .      Spirit   .    b - +0 robe
rPois   .          Reflect  .    d - +0 helmet
rElec   .          Rampage  .    (no cloak)
rCorr   .                        h - +0 pair of gloves
Will    .....                    (no boots)
Stlth   ++                       (no amulet)
HPRegen 0.24/turn                (no ring)
MPRegen 0.11/turn                (no ring)

@: slowed, very slow
A: high MP 1, forlorn, divine attributes
a: no special abilities


You were on level 2 of the Dungeon.
You visited 1 branch of the dungeon, and saw 2 of its levels.

You collected 57 gold pieces.

Inventory:

Hand Weapons
 a - a +1 dagger
 j - a +0 short sword (weapon)
Armour
 b - a +0 robe (worn)
 d - a +0 helmet (worn)
 h - a +0 pair of gloves (worn)
 n - the +0 scale mail of Happiness {rF- Dex+5}
   (You found it on level 2 of the Dungeon)

   Dex:       It affects your dexterity (+5).
   rF:        It makes you vulnerable to fire.
Jewellery
 i - a +4 ring of protection
Scrolls
 e - a scroll of silence {unknown}
 f - a scroll of teleportation {unknown}
 g - a scroll of vulnerability {unknown}
 k - a scroll of identify {unknown}
 l - a scroll of blinking {unknown}
Potions
 c - 2 potions of invisibility
 m - a potion of heal wounds {unknown}


   Skills:
 * Level 1.8 Fighting
 + Level 1.6 Short Blades
 + Level 2.2 Dodging
 - Level 2.6 Stealth
 - Level 1.7 Spellcasting
 - Level 2.6 Hexes


You had 5 spell levels left.
You didn't know any spells.
Your spell library contained the following spells:

 Spells                   Type           Power      Damage    Failure   Level
 Ensorcelled Hibernation  Hex/Ice        12%        N/A       17%         2
 Confusing Touch          Hex            10%        N/A       21%         3
 Tukima's Dance           Hex            10%        N/A       21%         3
 Sublimation of Blood     Necr           1%         N/A       30%         2
 Wereblood                Tmut           1%         N/A       30%         2
 Dazzling Flash           Conj/Hex       12%        N/A       34%         3
 Summon Hydra             Summ           0%         N/A       100%        7


Dungeon Overview and Level Annotations

Branches:
Dungeon (2/15)

Annotations:
D:2 Natasha


Innate Abilities, Weirdness & Mutations

You have an increased reservoir of magic. (+10% MP)
You shall have no god before yourself.
Your divine heritage dramatically boosts your attributes as you level up.


Message History

Natasha casts a spell.
Press: ? - help, v - describe, . - travel, g - get item Item here: a steaming scale mail.
The floor.
A giant cockroach comes into view.
A quokka comes into view.
The crimson imp disappears in a puff of smoke!
Natasha mumbles some strange words.
You see here the +0 scale mail of Happiness {rF- Dex+5}.
n - the +0 scale mail of Happiness {rF- Dex+5} Natasha mumbles some strange words.
Natasha wildly gestures.
Natasha glows brightly for a moment.
The crimson imp hits you.
You completely miss the shadow imp. Natasha barely misses you.
The shadow imp hits you but does no damage.
Natasha closely misses you.
The iron imp laughs crazily.
Natasha attacks as you move away! Natasha claws you.
The shadow imp disappears in a puff of smoke!
The crimson imp shouts, "Scamper hence, thou droning rump-fed clotpole!"
Natasha mumbles some strange words.
Natasha glows brightly for a moment.
Natasha casts a spell at you.
You feel yourself slow down.
The crimson imp blinks!
Natasha attacks as you move away! Natasha claws you.
Natasha casts a spell at you. The magic dart hits you. Natasha claws you.
* * * LOW HITPOINT WARNING * * *
Natasha casts a spell at you. The magic dart hits you!
* * * LOW HITPOINT WARNING * * *
Natasha stares at you and mumbles some strange words.
You feel as though you will be slow longer.
Okay, then.
Found a stone staircase leading up.
Natasha attacks as you move away! Natasha claws you.
You die...

###.##### .# #........ ..
.<# #..###### . ###. #.#.)#
##. .....#.#.## #..
..........# #.#.#
..##....#.#
#.#.####.......#.#######
#.#.#5h@.#######.......# #
#.#...##.......#.......#
#.#...####..####.#.......+
..#....5...#..##.#.##......#
...........<........'......+
.##........#.#####.##......#
#.#..............##......#
..>.........########......#
###.....###### #......#


You could see an iron imp (summoned) and Natasha.

Vanquished Creatures
  2 dart slugs (D:1)
  2 bats (D:1)
  4 endoplasms (D:1)
  2 giant cockroaches (D:1)
  6 goblins (D:1)
  A hobgoblin (D:1)
  3 jackals (D:1)
  3 kobolds
  A quokka (D:1)
  4 ball pythons (D:1)
  A frilled lizard (D:2)
  3 rats
32 creatures vanquished.

Notes
Turn   | Place    | Note
-------+----------+-------------------------------------------
     0 | D:1      | Iniera the Demigod Enchanter began the quest for the Orb.
     0 | D:1      | Reached XP level 1. HP: 14/14 MP: 5/5
    37 | D:1      | Reached skill level 1 in Short Blades
    66 | D:1      | Reached skill level 1 in Fighting
    68 | D:1      | Reached XP level 2. HP: 5/23 MP: 7/7
   854 | D:1      | Reached XP level 3. HP: 29/29 MP: 8/8
  1081 | D:2      | Noticed Natasha
  1146 | D:2      | Identified the +0 scale mail of Happiness {rF- Dex+5}
  1156 | D:2      | HP: 1/29 [Natasha/magic dart (7)]
  1159 | D:2      | Slain by Natasha

Illustrated notes

Levels and vault maps discovered:
D:1:      saegor_arrival_simple_a, layout_basic, corexii_leaking_fountain,
          minmay_misc_feat_encased
D:2:      layout_basic, kennysheep_minor_cross, uniq_natasha, uniq_robin,
          uniq_crazy_yiuf_cottage

Skill      XL: |  1 |
---------------+----+-----
Short Blades   | 1 |  1.6
Dodging        | 2 |  2.2
Fighting       | 1 |  1.8
Stealth        | |  2.6
Spellcasting   | |  1.7
Hexes          | |  2.6

Action                     || total
---------------------------++-------
  Melee: Dagger            ||    82
         Punch             ||     4
         Short sword       ||    41
   Stab: Sleeping          ||     6
 Armour: Robe              ||    36
  Dodge: Dodged            ||    80

Table legend: (Time is in decaauts)
 A = Elapsed time spent in this place.
 B = Non-inter-level travel time spent in this place.
 C = Inter-level travel time spent in this place.
 D = Time resting spent in this place.
 E = Time spent auto-exploring this place.
 F = Levels seen in this place.
 G = Mean time per level.
                   A        B        C        D        E       F      G
               +--------+--------+--------+--------+--------+-----+--------+
         Total |   1158 |   1148 |     10 |     47 |    784 |   2 |  579.0 |
       Dungeon |   1158 |   1148 |     10 |     47 |    784 |   2 |  579.0 |
               +--------+--------+--------+--------+--------+-----+--------+

Top non-repeatable levels by time:
     D:1: 1053 daAuts
     D:2: 105 daAuts
